 Dungeon Crawl Stone Soup version 0.28.0 (webtiles) character file.

Game seed: 6686029432401253667

4 croobank the Sneak (level 1, -4/10 HPs)
             Began as a Felid Delver on Feb 17, 2022.
             Killed by divine providence
             ... invoked by an orc priest
              (14 damage)
             ... on level 5 of the Dungeon.
             The game lasted 00:01:14 (163 turns).

croobank the Sneak (Felid Delver)                    Turns: 163, Time: 00:01:18

Health: -4/10      AC:  1    Str:  8    XL:     1   Next: 50%
Magic:  2/2        EV: 17    Int: 11    God:
Gold:   0          SH:  0    Dex: 17    Spells: 0/0 levels left
                                        Lives:  0   Deaths: 0

rFire   . . .      SeeInvis +     - Unarmed
rCold   . . .      Faith    .   (shield unavailable)
rNeg    . . .      Spirit   .   (armour unavailable)
rPois   +          Reflect  .   (helmet unavailable)
rElec   .          Harm     .   (cloak unavailable)
rCorr   .          Rampage  .   (gloves unavailable)
Will    .....                   (boots unavailable)
Stlth   ++++......              (no amulet)
HPRegen 0.03/turn               f - ring of poison resistance
MPRegen 0.08/turn               (no ring)

@: quick
A: very small, claws 1, fangs 3, see invisible, speed 1, shaggy fur 1, stealthy
paws, no weapons or thrown items, no armour, multi-lived
a: no special abilities


You were on level 5 of the Dungeon.
You visited 1 branch of the dungeon, and saw 1 of its levels.

Inventory:

Jewellery
 f - a ring of poison resistance (left paw)
Wands
 e - a wand of digging (3)
Scrolls
 a - a scroll of fog
 b - a scroll of magic mapping
 c - a scroll of fear
Potions
 d - a potion of haste
 g - a potion of mutation {unknown}


   Skills:
 + Level 3.0 Fighting
 + Level 2.8 Dodging
 + Level 6.6 Stealth
 + Level 2.1 Unarmed Combat


You couldn't memorise any spells.
You didn't know any spells.
Your spell library contained the following spells:

 Spells                   Type           Power      Damage    Failure   Level
 Tukima's Dance           Hex            0%         N/A       71%         3
 Passage of Golubria      Tloc           0%         N/A       98%         4
 Yara's Violent Unravell  Hex/Tmut       0%         3d3       100%        5


Dungeon Overview and Level Annotations

Branches:
Dungeon (5/15)
 Temple: D:4-7

Altars:


Innate Abilities, Weirdness & Mutations

You have sharp claws.
You have razor-sharp teeth.
You have supernaturally acute eyesight. (SInv)
You cover ground quickly. (Speed+)
You are covered in fur. (AC +1)
Your paws help you pounce on unaware monsters.
You are incapable of wielding weapons or throwing items.
You cannot wear armour.
You gain extra lives every three experience levels.


Message History

Welcome, croobank the Felid Delver.
The Orb of Zot is coveted for many reasons.
Will you seize it for your own?
Press ? for a list of commands and other information.
Found a tourmaline ring.
Found a stone staircase leading down.
f - a ring of poison resistance
f - a ring of poison resistance (left paw)
An orc comes into view. It is wielding a +0 hand axe.
Found a stone staircase leading down.
Okay, then.
Found a stone staircase leading down.
There is a stone staircase leading down here.
Found Great Wizards, Vol.
VII.
You pick up Great Wizards, Vol.
VII and begin reading...
You add the spells Tukima's Dance, Passage of Golubria and Yara's Violent Unravelling to your library.
A wyvern skeleton comes into view.
There is a stone staircase leading down here.
Found a bubbling black potion.
g - a bubbling black potion An iguana comes into view.
An orc comes into view. It is wielding a +0 war axe.
You pounce on the unaware helpless orc!
You mangle the orc!!
You kill the orc!
An orc and an orc priest come into view.
Things that are here:
a +0 war axe; a +0 chain mail You pounce on the unaware helpless orc!
You mangle the orc!!
You kill the orc!
You pounce on the unaware helpless orc priest!
You claw the orc priest!
The orc priest is almost dead.
The orc priest mumbles some strange prayers to Beogh against you.
Beogh smites you!
Ouch! That really hurt!
You die...

### ..#
#.###
#...
###.#
#@).#
#o)#.#
#...##.#
#..###..#
#.# #.##
#. #.#
#.#.#.
#.#
##.l.#
#.#
###.o..
#####.#


You could see an orc priest.

Vanquished Creatures
  2 orcs (D:5)
2 creatures vanquished.

Notes
Turn   | Place    | Note
-------+----------+-------------------------------------------
     0 | D:5      | croobank the Felid Delver began the quest for the Orb.
     0 | D:5      | Reached XP level 1. HP: 10/10 MP: 2/2
   120 | D:5      | Noticed an iguana
   160 | D:5      | Noticed an orc priest
   163 | D:5      | Killed from afar by an orc priest

Illustrated notes

Levels and vault maps discovered:
D:5:      layout_rooms

Action                   || total
-------------------------++-------
Melee: Unarmed           ||     3
 Stab: Sleeping          ||     3
